cohdb
Replays
Latest Replays
All Replays
Popular Replays
Top Player Replays
Match Explorer
How It Works
Community
CoH3 Stats
Reddit
Sign in to upload your games and track your stats! →
Sign in with Steam
Match 42842641
Unlisted
Match 42842641
Overview
Messages
Build Orders
End
Selects Luftwaffe Battlegroup
Construct Infanterie Kompanie
Selects Luftwaffe Pioneer Support
MG 42 Machine Gun Team
Grenadier Squad
MG 42 Machine Gun Team
Construct Panzergrenadier Kompanie
Selects Stuka Strafing Run
Support Elements
MrBiggles
MrGlaucus
Discoverer
nop.8
STRIKE_IIVI ➽
Faurix
楚云飞
와 시바 아이디 또해킹당했노
0
0
Comments
sign in to comment!
No comments posted yet!